 Dungeon Crawl Stone Soup version 0.29.0-4-gdea44cf6ec (webtiles) character file.

Game seed: 8487507365236055140

25 qw the Chopper (level 3, 0/21 HPs)
             Began as a Tengu Warper on Aug 28, 2022.
             Slain by an adder (3 damage)
             ... on level 2 of the Dungeon.
             The game lasted 00:00:05 (805 turns).

qw the Chopper (Tengu Warper)                        Turns: 805, Time: 00:00:05

Health: 0/21       AC:  3    Str: 13    XL:     3   Next: 4%
Magic:  7/7        EV: 12    Int: 13    God:
Gold:   53         SH:  0    Dex: 13    Spells: 6/6 levels left

rFire   . . .      SeeInvis .   Y - +0 hand axe
rCold   . . .      Faith    .   (no shield)
rNeg    . . .      Spirit   .   b - +0 leather armour
rPois   .          Reflect  .   (helmet restricted)
rElec   .          Harm     .   (no cloak)
rCorr   .          Rampage  .   (no gloves)
Will    .....                   (boots unavailable)
Stlth   +.........              (no amulet)
HPRegen 0.07/turn               (no ring)
MPRegen 0.10/turn               (no ring)

@: lethally poisoned (0 -> -3)
A: beak, talons 3
a: no special abilities


You were on level 2 of the Dungeon.
You visited 1 branch of the dungeon, and saw 2 of its levels.

You collected 53 gold pieces.


Innate Abilities, Weirdness & Mutations

You have a beak for a mouth.
You have claws for feet.


   Skills:
 - Level 2.0 Fighting
 + Level 3.8 Axes
 - Level 1.0 Throwing
 - Level 1.1 Armour
 - Level 2.1 Dodging
 - Level 2.0 Spellcasting
 - Level 2.4 Translocations


You had 6 spell levels left.
You didn't know any spells.
Your spell library contained the following spells:

 Spells                   Type           Power      Damage    Failure   Level
 Blink                    Tloc           14%        N/A       19%         2
 Gell's Gravitas          Tloc           7%         N/A       36%         3
 Lesser Beckoning         Tloc           7%         N/A       36%         3
 Teleport Other           Tloc           7%         N/A       36%         3
 Manifold Assault         Tloc           7%         N/A       98%         5

Inventory:

Hand Weapons
 f - a +0 whip
 Y - a +0 hand axe (weapon)
Armour
 b - a +0 leather armour (worn)
Potions
 e - a potion of attraction {unknown}

Dungeon Overview and Level Annotations

Branches:
Dungeon (2/15)

Altars:
Vehumet


Message History

There is a stone staircase leading down here.
Found a stone staircase leading up.
Enter note: An adder comes into view.
The adder hisses angrily.
You hit the adder but do no damage. The adder misses you.
You hit the adder but do no damage. You claw the adder.
The adder is lightly wounded.
The adder bites you.
You are poisoned.
The adder poisons you!
You hit the adder.
The adder is moderately wounded.
You feel sick. The adder bites you. The adder barely misses you.
You closely miss the adder. Your kick misses the adder.
Your peck misses the adder.
The adder is moderately wounded.
You feel sick. The adder closely misses you.
You closely miss the adder. You peck the adder.
The adder is heavily wounded.
You feel a little less clever now.
You feel sick. The adder bites you but does no damage.
The adder completely misses you.
You hit the adder but do no damage. Your kick misses the adder.
Your peck misses the adder.
The adder is heavily wounded.
You feel sick. The adder bites you.
You are more poisoned.
The adder poisons you!
You closely miss the adder. Your peck misses the adder.
The adder is heavily wounded.
You feel sick. The adder barely misses you. The adder bites you.
You hit the adder.
The adder is severely wounded.
You feel sick. The adder completely misses you.
You hit the adder. Your kick misses the adder. Your peck misses the adder.
The adder is almost dead.
You feel sick. The adder bites you.
You die...

#.####.#.#.#
.##.#.#.# ##
.##.#.#.# #.
.##.#.#.# #.#.
#.#.#.# . #...
#.#.#.#
...###.<###.#.#.#
#......S...#.#.#
#.@#####.#.#
#..##..#.....#.#
...............>#
##..##..#.#####.#
... #..#.# #.# ##
#..#.# #.# ...#..
... ####### #.#
...


You could see an adder.

Vanquished Creatures
  A dart slug (D:1)
  2 endoplasms (D:1)
  4 giant cockroaches (D:1)
  4 goblins (D:1)
  A hobgoblin (D:1)
  2 kobolds (D:1)
  A quokka (D:1)
  3 frilled lizards (D:1)
  A rat (D:1)
19 creatures vanquished.

Notes
Turn   | Place    | Note
-------+----------+-------------------------------------------
     0 | D:1      | qw the Tengu Warper began the quest for the Orb.
     0 | D:1      | Reached XP level 1. HP: 12/12 MP: 4/4
     0 | D:1      | 0 ||| qw: Version: 0.1-a-89-g26bdef1
     0 | D:1      | 0 ||| qw: Game counter: 2835
     0 | D:1      | 0 ||| qw: Always use a shield: true
     0 | D:1      | 0 ||| qw: God list: Okawaru
     0 | D:1      | 0 ||| qw: Allow faded altars: false
     0 | D:1      | 0 ||| qw: Do Orc after D:15 true
     0 | D:1      | 0 ||| qw: Do second Lair branch before Depths: true
     0 | D:1      | 0 ||| qw: Lair rune preference: random
     0 | D:1      | 0 ||| qw: Plans: Normal
     0 | D:1      | 0 ||| PLANNING D:1-11
    77 | D:1      | 77 ||| Stepping ~*~*~tactically~*~*~ (hiding).
   102 | D:1      | 102 ||| Stepping ~*~*~tactically~*~*~ (stealth).
   104 | D:1      | 104 ||| Stepping ~*~*~tactically~*~*~ (stealth).
   108 | D:1      | Reached XP level 2. HP: 17/17 MP: 6/6
   109 | D:1      | Reached skill level 3 in Axes
   210 | D:1      | 210 ||| Stepping ~*~*~tactically~*~*~ (stealth).
   231 | D:1      | Found a faded altar of an unknown god.
   292 | D:1      | 292 ||| Stepping ~*~*~tactically~*~*~ (stealth).
   692 | D:1      | Reached XP level 3. HP: 21/21 MP: 7/7
   748 | D:1      | Found a radiant altar of Vehumet.
   753 | D:1      | 753 ||| READING scroll labelled TOEXOSTI BIXTIHY.
   754 | D:1      | 754 ||| READING scroll labelled PECSAKKEIFF.
   755 | D:1      | 755 ||| DRINKING 4 sedimented cyan potions.
   756 | D:1      | 756 ||| DROPPING scroll of blinking.
   757 | D:1      | 757 ||| DROPPING 3 potions of brilliance.
   804 | D:2      | HP: 5/21 [poisoned by an adder]
   805 | D:2      | Slain by an adder

Levels and vault maps discovered:
D:1:      dpeg_arrival_water_altar, layout_basic, basic_ecumenical_altar
D:2:      layout_basic, basic_altar, serial_shops, shop

Skill      XL: |  1  2 |
---------------+-------+-----
Axes           | 3 |  3.8
Fighting       | |  2.0
Throwing       | |  1.0
Armour         | |  1.1
Dodging        | |  2.1
Spellcasting   | |  2.0
Translocations | |  2.4

Action                   || total
-------------------------++-------
Melee: Hand axe          ||    40
       Kick              ||    14
       Peck              ||     4
Throw: Boomerang         ||     7
  Use: Scroll            ||     2
       Potion            ||     1
Armor: Leather armour    ||     4
Dodge: Dodged            ||    19

Table legend:
 A = Non-vault XP
 B = Vault XP
 C = Vault XP percentage of total XP
 D = Non-vault monster count
 E = Vault monster count
 F = Vault count percentage of total count
                 A         B        C        D         E       F
            +---------+---------+-------+---------+---------+-------
      Total |      36 |       0 |   0.0 |      19 |       0 |   0.0
            +---------+---------+-------+---------+---------+-------
        D:1 |      36 |       0 |   0.0 |      19 |       0 |   0.0
            +---------+---------+-------+---------+---------+-------
